Map: Port Aleksander LE

Players

Hurricane

  • Race: Protoss Protoss
  • Spawn Location: 5:00

gumiho - Winner!

  • Race: Terran Terran
  • Spawn Location: 11:00

Event: IEM Season 13: Katowice (2019)

VOD

Have the link to the VOD?

Description

Time

  • Played on: Feb. 26, 2019, 10:02 a.m.
  • Length: 7:00

All games in this series

Show
View Real Time Build Order
Export as new Build Order

Hurricane Protoss 

Build Orders:  

Get SALT Encoding   

  12  0:00  Probe  
  13  0:12  Probe  
  14  0:17  Pylon  
  14  0:24  Probe  
  15  0:32  Probe  
  15  0:37  Gateway  
  15  0:40  Probe  
  16  0:47  Assimilator  
  17  0:51  Probe  
  18  1:03  Probe  
  19  1:15  Probe  
  20  1:21  Pylon  
  20  1:27  Cybernetics Core  
  20  1:28  Probe  
  22  1:48  Nexus  
  22  1:50  Probe  
  22  1:53  Stalker  
  22  1:55  Assimilator  
  22  2:06  Warp Gate  
  24  2:09  Probe  
  25  2:23  Stalker, Probe  
  28  2:35  Probe  
  29  2:37  Robotics Facility  
  29  2:47  Probe  
  30  2:52  Gateway  
  30  2:57  Probe x2  
  30  2:59  Sentry  
  30  3:05  Probe x2  
  36  3:13  Gateway, Probe  
  36  3:16  Probe  
  36  3:18  Warp Prism  
  37  3:30  Probe  
  37  3:34  Probe  
  41  3:37  Pylon  
  41  3:42  Probe  
  41  3:46  Probe  
  43  3:53  Stalker  
  43  3:54  Observer  
  43  3:55  Probe  
  47  3:58  Probe, Stalker  
  50  4:07  Probe  
  50  4:08  Stalker  
  53  4:11  Probe  
  53  4:16  Pylon  
  54  4:17  Pylon  
  54  4:30  Observer  
  54  4:34  Probe  
  54  4:36  Probe  
  55  4:40  Adept x3  
  55  4:44  Assimilator  
  55  4:45  Assimilator  
  61  4:46  Probe  
  61  4:48  Observer  
  58  5:01  Stalker  
  58  5:02  Stalker x2  
  58  5:06  Probe  
  54  5:10  Probe  
  53  5:18  Probe  
  54  5:22  Probe  
  54  5:26  Stalker x3  
  59  5:30  Probe  
  59  5:33  Probe  
  60  5:38  Probe  
  60  5:41  Probe  
  61  5:46  Probe  
  61  5:47  Immortal  
  61  5:49  Probe  
  62  5:50  Robotics Bay  
  62  5:56  Probe  
  64  6:00  Probe  
  70  6:11  Pylon  
  70  6:31  Zealot x2, Stalker  
Show
View Real Time Build Order
Export as new Build Order

gumiho Terran - Winner!

Build Orders: Cyclone Opening 

Get SALT Encoding   

  12  0:00  SCV  
  13  0:12  SCV  
  14  0:19  Supply Depot  
  14  0:24  SCV  
  15  0:41  Barracks, SCV  
  16  0:47  Refinery  
  16  0:53  SCV  
  17  0:58  Refinery  
  17  1:05  SCV  
  18  1:17  SCV  
  19  1:29  Reaper, Orbital Command  
  20  1:46  Factory  
  20  1:55  SCV  
  20  1:56  Supply Depot  
  21  2:02  Barracks Tech Lab  
  21  2:07  SCV  
  22  2:19  SCV  
  23  2:30  Factory Tech Lab  
  23  2:31  SCV  
  23  2:33  Starport  
  24  2:41  Barracks Reactor  
  24  2:49  Cyclone  
  24  2:50  SCV  
  28  3:00  Command Center  
  28  3:07  Supply Depot  
  28  3:15  Cloaking Field  
  28  3:19  SCV  
  29  3:28  Banshee  
  29  3:33  SCV  
  33  3:37  Supply Depot  
  33  3:38  Marine x2  
  35  3:47  Siege Tank  
  38  3:48  SCV  
  39  3:58  Marine x2  
  39  4:01  SCV  
  42  4:11  Banshee  
  42  4:14  Orbital Command  
  42  4:16  SCV  
  46  4:19  Marine  
  46  4:21  Marine  
  48  4:28  Siege Tank  
  51  4:37  SCV, Marine  
  52  4:39  Marine  
  52  4:40  SCV  
  52  4:44  Supply Depot  
  53  4:52  SCV  
  51  4:54  Marine  
  51  4:56  Marine  
  51  4:59  SCV  
  53  5:04  SCV  
  50  5:12  SCV, Marine  
  51  5:14  Marine  
  51  5:16  SCV  
  51  5:17  Banshee  
  56  5:24  SCV  
  57  5:30  Marine  
  57  5:32  Marine  
  59  5:37  Siege Tank  
  59  5:41  Supply Depot x2  
  62  5:50  SCV x2, Marine x2  
  62  5:51  Barracks  
  62  5:53  Supply Depot  
  66  6:02  SCV x2  
  68  6:04  Banshee  
  68  6:09  Supply Depot  
  68  6:10  Marine  
  72  6:13  Marine  
  72  6:14  SCV  
  72  6:18  SCV  
  74  6:26  SCV  
  74  6:27  Bunker  
  74  6:29  Bunker  
  74  6:31  Marine  
  75  6:35  Marine  
  78  6:40  Barracks Tech Lab  
  78  6:42  SCV  
  78  6:43  SCV  

Tags
 
Add a new tag
Caveats
  • Supply blocks, unpowered buildings, or Contaminate may cause inaccurate times.
  • Supply counts are checked every 10 seconds.